[Event "December 5 Early 2023"]
[Site "https://www.chess.com"]
[Date "2023.12.05"]
[Round "1"]
[White "Parfenov, Viktor N."]
[Black "Vakhlamov, Igor L."]
[Result "0-1"]
[Board "68"]
[TimeControl "180+1"]
[WhiteFideId "4165969"]
[BlackFideId "24126748"]
[WhiteElo "2466"]
[BlackElo "2828"]
[WhiteTeam "RUS"]
[BlackTeam "RUS"]
[WhiteClock "0:01:18"]
[BlackClock "0:01:18"]

1. d4 d5 2. Bf4 Nf6 3. e3 Bf5 4. c4 e6 5. Nc3 Bb4 6. Qb3 Nc6 7. Nf3 O-O 8. Be2 Ne4 9. O-O Bxc3 10. bxc3 Na5 11. Qb4 b6 12. cxd5 exd5 13. c4 c5 14. dxc5 bxc5 15. Qa3 Nxc4 16. Bxc4 dxc4 17. Ne5 c3 18. f3 Nd2 19. Rfc1 c2 20. e4 Be6 21. Rxc2 Qd4+ 22. Be3 Qxa1+ 23. Rc1 Qxe5 0-1

[Event "December 5 Early 2023"]
[Site "https://www.chess.com"]
[Date "2023.12.05"]
[Round "1"]
[White "Klekowski, Maciej"]
[Black "Xu, Daniel"]
[Result "1-0"]
[Board "69"]
[TimeControl "180+1"]
[WhiteFideId "1132717"]
[BlackFideId "2627345"]
[WhiteElo "2828"]
[BlackElo "2466"]
[WhiteTeam "POL"]
[BlackTeam "CAN"]
[WhiteClock "0:02:05"]
[BlackClock "0:00:00"]

1. c4 Nf6 2. Nc3 g6 3. d4 Bg7 4. Nf3 d6 5. g3 O-O 6. Bg2 Nc6 7. O-O a6 8. d5 Na5 9. Nd2 c5 10. Qc2 Rb8 11. a4 Nd7 12. b3 b5 13. axb5 axb5 14. cxb5 Ne5 15. Bb2 Bd7 16. f4 Ng4 17. Nc4 Nxc4 18. bxc4 Ne3 19. Qd3 Nxf1 20. Bxf1 Ra8 21. Rb1 Bf5 22. e4 Bd4+ 23. Kg2 Bd7 24. Ne2 Bxb2 25. Rxb2 Qa5 26. Qc2 Qa1 27. Nc3 Ra3 28. Be2 1-0

[Event "December 5 Early 2023"]
[Site "https://www.chess.com"]
[Date "2023.12.05"]
[Round "1"]
[White "Reprintsev, Alexander"]
[Black "Rustemov, Alexander"]
[Result "0-1"]
[Board "70"]
[TimeControl "180+1"]
[WhiteFideId "14100541"]
[BlackFideId "4119002"]
[WhiteElo "2466"]
[BlackElo "2820"]
[WhiteTeam "UKR"]
[BlackTeam "RUS"]
[WhiteClock "0:01:11"]
[BlackClock "0:01:05"]

1. e4 e6 2. d4 d5 3. Nc3 dxe4 4. Nxe4 Bd7 5. Nf3 Bc6 6. Bd3 Nd7 7. O-O Ngf6 8. Ng3 Be7 9. c4 O-O 10. b3 b6 11. Bb2 Bb7 12. Re1 c5 13. Bc2 Re8 14. h3 Qc7 15. Rc1 Rad8 16. Qe2 Qf4 17. Qe3 Bd6 18. Qxf4 Bxf4 19. Rcd1 Bxf3 20. gxf3 cxd4 21. Rxd4 Bc7 22. Red1 Be5 23. Rxd7 Nxd7 24. Rxd7 Bxg3 25. Rxa7 Rd2 26. fxg3 Rxc2 27. Be5 Rd8 28. Bd6 f6 0-1

[Event "December 5 Early 2023"]
[Site "https://www.chess.com"]
[Date "2023.12.05"]
[Round "1"]
[White "Yeremyan, Alen"]
[Black "Koutlas, Nikolaos"]
[Result "0-1"]
[Board "71"]
[TimeControl "180+1"]
[WhiteFideId "13308998"]
[BlackFideId "25827138"]
[WhiteElo "2818"]
[BlackElo "2465"]
[WhiteTeam "ARM"]
[BlackTeam "GRE"]
[WhiteClock "0:00:01"]
[BlackClock "0:00:26"]

1. e4 e6 2. Nc3 d5 3. Qe2 d4 4. Nd1 e5 5. d3 Nc6 6. g3 h5 7. h3 h4 8. g4 g5 9. Bg2 Be6 10. Nf3 f6 11. O-O a5 12. c3 Bc5 13. cxd4 Nxd4 14. Nxd4 Bxd4 15. Be3 Ne7 16. Bxd4 Qxd4 17. Ne3 Ng6 18. Qc2 c6 19. Rfd1 Kf7 20. a3 Rhd8 21. Bf1 Rd7 22. Rac1 a4 23. Qc3 Rad8 24. Rd2 Nf4 25. Rcd1 Bb3 26. Rc1 Qb6 27. Nf5 Ne6 28. Re1 Nd4 29. Re3 Nxf5 30. exf5 Rd4 31. Qc1 Qb5 32. Qe1 Qd5 33. Bg2 Qd6 34. Bf1 Qc7 35. Rde2 Rxd3 36. Rxd3 Rxd3 37. Rxe5 Rd1 38. Qxd1 Bxd1 39. Bc4+ Kg7 40. Re8 Bb3 41. Be6 Qd6 42. Rg8+ Kh7 43. Re8 Bd5 44. Bc8 Bf3 45. Re1 Qd2 46. Re7+ Kg8 47. Re8+ Kf7 0-1

[Event "December 5 Early 2023"]
[Site "https://www.chess.com"]
[Date "2023.12.05"]
[Round "1"]
[White "Kraiouchkine, Nikita"]
[Black "BestStelker"]
[Result "0-1"]
[Board "72"]
[TimeControl "180+1"]
[WhiteFideId "2607140"]
[WhiteElo "2463"]
[BlackElo "2817"]
[WhiteTeam "CAN"]
[WhiteClock "0:00:00"]
[BlackClock "0:00:47"]

1. e4 c5 2. Nf3 e6 3. c3 d5 4. e5 Nc6 5. d4 Qb6 6. a3 c4 7. Nbd2 Na5 8. b4 cxb3 9. Bb2 Ne7 10. c4 dxc4 11. Nxc4 Nxc4 12. Bxc4 Bd7 13. O-O Bc6 14. Qxb3 Qxb3 15. Bxb3 Nd5 16. Rfe1 Be7 17. g3 O-O 18. Nd2 Rfd8 19. Ne4 Rac8 20. Rac1 h6 21. Nc5 b6 22. Ne4 Bb7 23. Rxc8 Rxc8 24. Rc1 Rxc1+ 25. Bxc1 Kf8 26. f3 Ke8 27. Kf2 Kd7 28. Bc4 Bc6 29. h4 b5 30. Bb3 Kc7 31. Bb2 Kb6 32. Ke2 a5 33. Kd3 a4 34. Bd1 b4 35. axb4 Bxb4 36. Bc3 Bxc3 37. Nxc3 a3 38. Na2 Ka5 39. Kc4 Ne3+ 40. Kc5 Bd5 41. Nc3 Nxd1 0-1

[Event "December 5 Early 2023"]
[Site "https://www.chess.com"]
[Date "2023.12.05"]
[Round "1"]
[White "Klimkowski, Jan"]
[Black "Yurasova, Daria"]
[Result "1-0"]
[Board "73"]
[TimeControl "180+1"]
[WhiteFideId "21856222"]
[BlackFideId "34146919"]
[WhiteElo "2816"]
[BlackElo "2463"]
[WhiteTeam "POL"]
[BlackTeam "RUS"]
[WhiteClock "0:00:44"]
[BlackClock "0:00:25"]

1. b3 b6 2. e4 Bb7 3. Nc3 e6 4. Nf3 c5 5. Be2 d6 6. O-O Nf6 7. d3 Be7 8. Bb2 Nbd7 9. a4 a6 10. Nd2 O-O 11. Nc4 Qc7 12. f4 d5 13. Nd2 d4 14. Ncb1 Rfe8 15. Na3 Bc6 16. g4 Red8 17. g5 Ne8 18. e5 Qb7 19. Bf3 Nc7 20. Bxc6 Qxc6 21. Qh5 Nd5 22. Rf3 Nf8 23. Ne4 b5 24. Qh3 c4 25. bxc4 bxc4 26. Nxc4 Rab8 27. Bxd4 Nb4 28. c3 Nc2 29. Raf1 Nxd4 30. cxd4 Qd5 31. f5 Qxd4+ 32. Kh1 exf5 33. Qxf5 Qd5 34. Qxf7+ Qxf7 35. Rxf7 Bb4 36. Ncd6 Ng6 37. d4 Nf8 38. Ra7 Ne6 39. d5 Bxd6 40. Nxd6 Nxg5 41. Rg1 h6 42. h4 Rxd6 43. exd6 Nf7 44. d7 Rd8 45. Re1 Kf8 46. Rc7 Nd6 47. Re6 1-0

[Event "December 5 Early 2023"]
[Site "https://www.chess.com"]
[Date "2023.12.05"]
[Round "1"]
[White "Kruckenhauser, Arthur"]
[Black "Dragun, Kamil"]
[Result "1/2-1/2"]
[Board "74"]
[TimeControl "180+1"]
[WhiteFideId "1642812"]
[BlackFideId "1134167"]
[WhiteElo "2463"]
[BlackElo "2815"]
[WhiteTeam "AUT"]
[BlackTeam "POL"]
[WhiteClock "0:00:05"]
[BlackClock "0:00:18"]

1. d4 Nf6 2. Bf4 d5 3. e3 c5 4. dxc5 e6 5. b4 a5 6. c3 Nc6 7. Bb5 Bd7 8. Qb3 Ne4 9. f3 g5 10. Bg3 Nxg3 11. hxg3 Bg7 12. Bxc6 Bxc6 13. b5 a4 14. Qb4 Bd7 15. Ne2 Qa5 16. Nd4 Qxb4 17. cxb4 e5 18. Nc2 Bxb5 19. Nc3 Bc4 20. O-O-O Rd8 21. Na3 e4 22. Nxc4 Bxc3 23. Nd6+ Kf8 24. a3 exf3 25. gxf3 Be5 26. Rxd5 Bxg3 27. Rh6 Bxd6 28. Rhxd6 Rxd6 29. cxd6 f6 30. Kd2 Kf7 31. Rb5 Ke6 32. Rxb7 h5 33. Ke2 h4 34. Kf2 Rc8 35. Ra7 Rc2+ 36. Kg1 Rc3 37. Rxa4 Rxe3 38. Kf2 Rb3 39. Ra6 Rb2+ 40. Kg1 f5 41. Ra5 g4 42. d7 Rd2 43. fxg4 fxg4 44. Rh5 h3 45. Rh4 Rg2+ 46. Kh1 Kxd7 47. b5 Kc7 48. a4 Kb6 49. Rh6+ Kb7 50. a5 Ra2 51. Rh7+ Kc8 52. Rg7 Rxa5 53. Rxg4 Rxb5 54. Kh2 Rb3 55. Rg3 Rxg3 56. Kxg3 h2 57. Kxh2 1/2-1/2

[Event "December 5 Early 2023"]
[Site "https://www.chess.com"]
[Date "2023.12.05"]
[Round "1"]
[White "IM_ArthurDW08"]
[Black "Ljukin, Sergei"]
[Result "1-0"]
[Board "75"]
[TimeControl "180+1"]
[BlackFideId "14102200"]
[WhiteElo "2815"]
[BlackElo "2460"]
[BlackTeam "UKR"]
[WhiteClock "0:00:32"]
[BlackClock "0:00:02"]

1. e4 e6 2. d4 d5 3. Nc3 Bb4 4. Ne2 Nc6 5. a3 Ba5 6. b4 Bb6 7. Bb2 Nge7 8. Na4 dxe4 9. c4 a5 10. b5 Nb8 11. Nxb6 cxb6 12. Ng3 f5 13. h4 O-O 14. h5 h6 15. f3 Nd7 16. fxe4 fxe4 17. Nxe4 Qc7 18. Qd3 e5 19. O-O-O exd4 20. Qxd4 Nf6 21. Nxf6+ Rxf6 22. Qd8+ Qxd8 23. Rxd8+ Rf8 24. Rxf8+ Kxf8 25. Bd3 Be6 26. Rf1+ Kg8 27. Re1 Kf7 28. Bxg7 Rc8 29. Bxh6 Bxc4 30. Bxc4+ Rxc4+ 31. Kd2 Rc5 32. g4 Rxb5 33. Rf1+ Ke6 34. Bg7 Rg5 35. h6 Rxg4 36. h7 Ng6 37. Rf6+ 1-0

[Event "December 5 Early 2023"]
[Site "https://www.chess.com"]
[Date "2023.12.05"]
[Round "1"]
[White "Rios Escobar, Adan"]
[Black "Nguyen, Quoc Hy"]
[Result "0-1"]
[Board "76"]
[TimeControl "180+1"]
[WhiteFideId "3403645"]
[BlackFideId "12410853"]
[WhiteElo "2454"]
[BlackElo "2805"]
[WhiteTeam "CHI"]
[BlackTeam "VIE"]
[WhiteClock "0:02:21"]
[BlackClock "0:02:17"]

1. Nf3 d5 2. e3 Nf6 3. c4 c6 4. Nc3 Nbd7 5. cxd5 cxd5 6. d4 e6 7. Bd3 Bd6 8. O-O O-O 9. Bd2 a6 10. Qe2 Ra7 11. Rfc1 b5 12. Bxb5 axb5 13. Nxb5 Ba6 14. Rc6 Qb8 0-1

[Event "December 5 Early 2023"]
[Site "https://www.chess.com"]
[Date "2023.12.05"]
[Round "1"]
[White "Hayrapetyan, Hovik"]
[Black "Berezin, Viktor"]
[Result "1-0"]
[Board "77"]
[TimeControl "180+1"]
[WhiteFideId "13302639"]
[BlackFideId "14107872"]
[WhiteElo "2805"]
[BlackElo "2454"]
[WhiteTeam "ARM"]
[BlackTeam "UKR"]
[WhiteClock "0:00:18"]
[BlackClock "0:00:00"]

1. d4 Nf6 2. c4 g6 3. Nc3 Bg7 4. g3 d6 5. Bg2 O-O 6. Nf3 Nc6 7. d5 Na5 8. Nd2 c5 9. O-O a6 10. Qc2 Rb8 11. b3 b5 12. Bb2 Bf5 13. e4 Bd7 14. Rae1 bxc4 15. bxc4 Ng4 16. h3 Ne5 17. Nd1 Qb6 18. Bc3 f5 19. f4 Nf7 20. Bxg7 Kxg7 21. e5 e6 22. Nc3 dxe5 23. fxe5 Qc7 24. dxe6 Bxe6 25. Nd5 Qd8 26. Nf4 Qe7 27. Nxe6+ Qxe6 28. Bd5 Qe7 29. e6 Nd6 30. Qc3+ Qf6 31. Qxa5 Qd4+ 32. Rf2 Ne4 33. Nxe4 fxe4 34. Qd2 Rb2 35. Qxd4+ 1-0

[Event "December 5 Early 2023"]
[Site "https://www.chess.com"]
[Date "2023.12.05"]
[Round "1"]
[White "Zimmermann, Ulrich"]
[Black "Skvortsov, Andrei"]
[Result "0-1"]
[Board "78"]
[TimeControl "180+1"]
[WhiteFideId "24654523"]
[BlackFideId "24108600"]
[WhiteElo "2453"]
[BlackElo "2800"]
[WhiteTeam "GER"]
[BlackTeam "MNE"]
[WhiteClock "0:00:04"]
[BlackClock "0:00:19"]

1. Nf3 e6 2. e3 c5 3. Be2 b6 4. O-O Bb7 5. d4 Nf6 6. b3 Be7 7. Bb2 O-O 8. Nbd2 a5 9. a4 Na6 10. Re1 d5 11. Ne5 Nd7 12. Ndf3 f6 13. Nxd7 Qxd7 14. Bb5 Qc7 15. c4 dxc4 16. Bxc4 Bd5 17. Qe2 Nb4 18. Rac1 Kh8 19. e4 Bxc4 20. Rxc4 Qb7 21. e5 f5 22. dxc5 Bxc5 23. Rh4 Qe7 24. Rh5 g6 25. Rh3 g5 26. Rh5 Rg8 27. Bc1 f4 28. Qe4 Raf8 29. h4 gxh4 30. Bxf4 Rg4 31. Ng5 Rxg5 32. Bxg5 Bxf2+ 33. Kh1 Qd7 34. Rf1 Nd5 35. Bf6+ Nxf6 36. exf6 Rxf6 37. Qa8+ Kg7 38. Rg5+ Kh6 39. Qg8 Bd4 40. Rxf6+ Bxf6 41. Rg4 Qd1+ 42. Kh2 Be5+ 43. g3 Bxg3+ 44. Rxg3 hxg3+ 45. Qxg3 Qh5+ 46. Kg2 Qg5 0-1

[Event "December 5 Early 2023"]
[Site "https://www.chess.com"]
[Date "2023.12.05"]
[Round "1"]
[White "Weetik, Vjacheslav"]
[Black "Miszler, Levente"]
[Result "1-0"]
[Board "79"]
[TimeControl "180+1"]
[WhiteFideId "4153472"]
[BlackFideId "763276"]
[WhiteElo "2800"]
[BlackElo "2452"]
[WhiteTeam "RUS"]
[BlackTeam "HUN"]
[WhiteClock "0:00:04"]
[BlackClock "0:00:37"]

1. d4 Nf6 2. Bf4 c6 3. Nf3 g6 4. e3 Bg7 5. c4 d6 6. Nc3 Nbd7 7. h3 O-O 8. Be2 Re8 9. O-O Qc7 10. Bh2 e5 11. c5 dxc5 12. dxe5 Nd5 13. Nxd5 cxd5 14. Qxd5 Nb6 15. Qd2 Be6 16. Rfc1 Rad8 17. Qa5 c4 18. Nd4 Rd5 19. Qa3 Bxe5 20. Bxe5 Rxe5 21. b3 Qc5 22. Qxc5 Rxc5 23. Nxe6 Rxe6 24. bxc4 Rec6 25. Rab1 Rc7 26. Rb4 Nd5 27. Ra4 b5 28. Ra5 Nb6 29. Kf1 bxc4 30. Rxc5 Rxc5 31. Rc3 Kf8 32. e4 Ke7 33. f4 Kd6 34. Kf2 Ra5 35. Bxc4 Nxc4 36. Rxc4 Rxa2+ 37. Kf3 a5 38. Rc8 a4 39. Ra8 Ra1 40. Ra7 a3 41. Kg4 a2 42. g3 Kc5 43. Kg5 Kd4 44. e5 Rg1 45. Rxa2 Rxg3+ 46. Kf6 Rf3 47. Ra4+ Kd5 48. Kxf7 g5 49. e6 gxf4 50. e7 Re3 51. Rxf4 1-0

[Event "December 5 Early 2023"]
[Site "https://www.chess.com"]
[Date "2023.12.05"]
[Round "1"]
[White "Jovic, Stanoje"]
[Black "Damjanovic, Vuk"]
[Result "0-1"]
[Board "80"]
[TimeControl "180+1"]
[WhiteFideId "905020"]
[BlackFideId "980021"]
[WhiteElo "2450"]
[BlackElo "2795"]
[WhiteTeam "SRB"]
[BlackTeam "SRB"]
[WhiteClock "0:00:00"]
[BlackClock "0:01:17"]

1. c4 b6 2. g3 Bb7 3. Nf3 Nf6 4. Bg2 g6 5. O-O Bg7 6. Nc3 O-O 7. Re1 e6 8. e4 d6 9. d4 Nbd7 10. b3 e5 11. d5 a5 12. h3 Ne8 13. Be3 f5 14. Qd2 f4 15. gxf4 exf4 16. Bd4 Ne5 17. Bxe5 dxe5 18. Nb5 g5 19. Rad1 Nd6 20. Nxd6 cxd6 21. Kh2 h5 22. h4 g4 23. Ng5 Bh6 24. Ne6 Qxh4+ 25. Kg1 g3 26. f3 Qh2+ 27. Kf1 h4 0-1

[Event "December 5 Early 2023"]
[Site "https://www.chess.com"]
[Date "2023.12.05"]
[Round "1"]
[White "Miladinovic, Igor"]
[Black "Lopusiewicz, Piotr"]
[Result "1-0"]
[Board "81"]
[TimeControl "180+1"]
[WhiteFideId "4203380"]
[BlackFideId "1116029"]
[WhiteElo "2793"]
[BlackElo "2450"]
[WhiteTeam "SRB"]
[BlackTeam "POL"]
[WhiteClock "0:01:26"]
[BlackClock "0:00:00"]

1. d4 Nf6 2. Bg5 d5 3. e3 Nbd7 4. f4 c5 5. c3 Qc7 6. Nd2 Ne4 7. Nxe4 dxe4 8. Ne2 h6 9. Bh4 g5 10. fxg5 hxg5 11. Bxg5 Bh6 12. Bxh6 Rxh6 13. Nf4 cxd4 14. cxd4 e5 15. dxe5 Nxe5 16. Nd5 Qd8 17. Qa4+ Kf8 18. Qxe4 Ng4 19. Be2 Nxh2 20. O-O-O Be6 21. Nc3 Qh4 22. Qxh4 Rxh4 23. Rd4 Rh6 24. g4 Ke7 25. g5 Rh3 26. Re4 Rah8 27. g6 f5 28. g7 fxe4 29. gxh8=Q Rxh8 30. Nxe4 Bd5 31. Bd3 1-0

[Event "December 5 Early 2023"]
[Site "https://www.chess.com"]
[Date "2023.12.05"]
[Round "1"]
[White "Eilers, Stefan"]
[Black "Zamorano, Jorge"]
[Result "0-1"]
[Board "82"]
[TimeControl "180+1"]
[WhiteFideId "4609565"]
[BlackFideId "173770"]
[WhiteElo "2449"]
[BlackElo "2791"]
[WhiteTeam "GER"]
[BlackTeam "ARG"]
[WhiteClock "0:00:37"]
[BlackClock "0:00:48"]

1. d4 d5 2. Nc3 Nf6 3. Bf4 a6 4. e3 Bf5 5. Nf3 e6 6. Ne5 h5 7. Bd3 Bxd3 8. cxd3 c5 9. dxc5 Bxc5 10. d4 Be7 11. Qb3 b5 12. O-O O-O 13. Rac1 Nfd7 14. a4 Nxe5 15. Bxe5 Nc6 16. axb5 Nxe5 17. dxe5 Rb8 18. e4 dxe4 19. Nxe4 Rxb5 20. Qg3 Qd4 21. Rfe1 Qxe5 22. f4 Qxb2 23. Rc7 Rb3 24. Qf2 Qxf2+ 25. Kxf2 Bb4 26. Ra1 a5 27. Ng5 Bd6 28. Rc4 Rb4 29. Rac1 Bxf4 0-1

[Event "December 5 Early 2023"]
[Site "https://www.chess.com"]
[Date "2023.12.05"]
[Round "1"]
[White "Halkias, Stelios"]
[Black "Remolar Gallen, Jose"]
[Result "1-0"]
[Board "83"]
[TimeControl "180+1"]
[WhiteFideId "4201809"]
[BlackFideId "2215187"]
[WhiteElo "2786"]
[BlackElo "2448"]
[WhiteTeam "GRE"]
[BlackTeam "ESP"]
[WhiteClock "0:00:06"]
[BlackClock "0:00:12"]

1. Nf3 Nf6 2. c4 g6 3. Nc3 Bg7 4. e4 d6 5. d4 O-O 6. Be2 e5 7. Be3 Ng4 8. Bg5 f6 9. Bh4 g5 10. Bg3 Nh6 11. O-O Nc6 12. dxe5 dxe5 13. Qe1 Nd4 14. Nxd4 exd4 15. Nb5 Rf7 16. c5 Be6 17. Rd1 f5 18. exf5 Nxf5 19. Bh5 Re7 20. Nxc7 Bc4 21. Qb4 Bxf1 22. Nxa8 Nxg3 23. hxg3 Ba6 24. Bf3 Qxa8 25. c6 Rc7 26. Qa5 Qc8 27. Qxg5 bxc6 28. Rxd4 Rd7 29. Rf4 Qd8 30. Qf5 Bd3 31. Qc5 Qe7 32. Qxc6 h6 33. Bd5+ Kh7 34. Be6 Rd6 35. Bf5+ Bxf5 36. Qf3 Bg6 37. Kh2 Re6 38. g4 Re5 39. g3 Rg5 1-0

[Event "December 5 Early 2023"]
[Site "https://www.chess.com"]
[Date "2023.12.05"]
[Round "1"]
[White "Topalov, Aleksandar"]
[Black "Dragnev, Valentin"]
[Result "0-1"]
[Board "84"]
[TimeControl "180+1"]
[WhiteFideId "925659"]
[BlackFideId "1634852"]
[WhiteElo "2447"]
[BlackElo "2784"]
[WhiteTeam "SRB"]
[BlackTeam "AUT"]
[WhiteClock "0:00:10"]
[BlackClock "0:00:12"]

1. b3 e5 2. Bb2 Nc6 3. e3 g6 4. c4 Bg7 5. d3 Nge7 6. Nf3 O-O 7. a3 a5 8. Qc2 d5 9. cxd5 Nxd5 10. Nbd2 Be6 11. Be2 h6 12. O-O Nde7 13. Nc4 f6 14. Rfd1 Qe8 15. d4 exd4 16. Nxd4 Nxd4 17. Bxd4 Nc6 18. Bb2 Qf7 19. Bf3 a4 20. Bxc6 axb3 21. Qc3 bxc6 22. Na5 f5 23. Qxg7+ Qxg7 24. Bxg7 Kxg7 25. Nxc6 Kf6 26. Nd4 c5 27. Nb5 Rfb8 28. a4 b2 29. Rab1 Rxa4 30. Rxb2 Ra5 31. Rdb1 Ba2 32. Nc3 Bxb1 33. Rxb8 Bd3 34. h4 g5 35. h5 Ra3 36. Rb6+ Ke5 37. f4+ gxf4 38. exf4+ Kd4 39. Nb5+ Bxb5 40. Rxb5 c4 41. Rxf5 c3 42. Rf8 c2 43. Rd8+ Ke3 44. Re8+ Kd2 45. Rd8+ Rd3 46. Rc8 Rc3 47. Rd8+ Ke3 48. Re8+ Kxf4 49. Rf8+ Kg5 50. Rg8+ Kxh5 0-1

[Event "December 5 Early 2023"]
[Site "https://www.chess.com"]
[Date "2023.12.05"]
[Round "1"]
[White "GMVignirVatnar"]
[Black "Escudero Donoso, Felipe"]
[Result "1-0"]
[Board "85"]
[TimeControl "180+1"]
[BlackFideId "3410595"]
[WhiteElo "2782"]
[BlackElo "2447"]
[BlackTeam "CHI"]
[WhiteClock "0:00:17"]
[BlackClock "0:00:01"]

1. d4 d5 2. c4 e6 3. Nf3 c5 4. cxd5 exd5 5. g3 Nc6 6. Bg2 Nf6 7. O-O Be7 8. dxc5 Bxc5 9. a3 O-O 10. Nc3 h6 11. b4 Be7 12. Bb2 Be6 13. Rc1 Rc8 14. Na4 Ne4 15. Nd4 Nxd4 16. Bxd4 b6 17. Qd3 Qd7 18. Nc3 Nxc3 19. Bxc3 Rfd8 20. Rfd1 Qa4 21. Bb2 a5 22. bxa5 bxa5 23. Rb1 Rb8 24. Rdc1 Rb3 25. Qd1 Rdb8 26. Be5 Rxb1 27. Rxb1 Rxb1 28. Qxb1 Qxa3 29. Qb8+ Bf8 30. Qa8 a4 31. Bxd5 Qc1+ 32. Kg2 Bxd5+ 33. Qxd5 a3 34. Qa8 Qc5 35. Ba1 g6 36. e3 h5 37. Bd4 Qc4 38. h3 a2 39. g4 hxg4 40. hxg4 Kh7 41. Qxf8 Qxd4 42. Qxf7+ Qg7 43. Qxa2 Qf6 44. Qc4 Kg7 45. Qd4 Kf7 46. Qxf6+ Kxf6 47. f4 1-0

[Event "December 5 Early 2023"]
[Site "https://www.chess.com"]
[Date "2023.12.05"]
[Round "1"]
[White "Liu, Casper"]
[Black "Lortkipanidze, Nodar"]
[Result "0-1"]
[Board "86"]
[TimeControl "180+1"]
[WhiteFideId "1454153"]
[BlackFideId "13604058"]
[WhiteElo "2443"]
[BlackElo "2779"]
[WhiteTeam "DEN"]
[BlackTeam "GEO"]
[WhiteClock "0:00:18"]
[BlackClock "0:01:24"]

1. d4 d5 2. Bf4 Nf6 3. e3 c5 4. Nf3 Nc6 5. Be2 Qb6 6. Nc3 cxd4 7. exd4 a6 8. a3 Bf5 9. O-O Qxb2 10. Na4 Qxc2 11. Qxc2 Bxc2 12. Nb6 Rd8 13. Rfc1 Be4 14. Bc7 Bxf3 15. Bxf3 e6 16. Bxd8 Kxd8 17. Be2 Bd6 18. Bxa6 Bc7 19. Bxb7 Nxd4 20. Rcb1 Ke7 21. Ba6 Ne4 22. a4 Nc5 23. Bf1 Ndb3 24. Ra3 Bxb6 25. Raxb3 Nxb3 26. Rxb3 Rb8 27. Bb5 Kd6 28. Rc3 Bc5 29. Kf1 e5 30. Ke2 f5 31. Rg3 g6 32. Rh3 Rb7 33. Rh6 e4 34. h4 d4 35. h5 d3+ 36. Kd1 Bxf2 37. hxg6 hxg6 38. Rxg6+ Ke5 39. Rg8 Rc7 40. Re8+ Kf4 41. a5 Be3 0-1

[Event "December 5 Early 2023"]
[Site "https://www.chess.com"]
[Date "2023.12.05"]
[Round "1"]
[White "Yuan, Qingyu"]
[Black "Barak, Gil"]
[Result "1-0"]
[Board "87"]
[TimeControl "180+1"]
[WhiteFideId "8609772"]
[BlackFideId "2812690"]
[WhiteElo "2778"]
[BlackElo "2443"]
[WhiteTeam "CHN"]
[BlackTeam "ISR"]
[WhiteClock "0:00:54"]
[BlackClock "0:00:00"]

1. e4 e5 2. Bc4 Nf6 3. d3 Nc6 4. Nc3 Bc5 5. Nf3 h6 6. O-O O-O 7. a3 a6 8. b4 Ba7 9. Be3 Bxe3 10. fxe3 d6 11. Qe1 Be6 12. Bd5 Bxd5 13. exd5 Ne7 14. e4 Ng6 15. Ne2 Nh5 16. c4 Nhf4 17. Qd2 f5 18. Ng3 fxe4 19. dxe4 Nh4 20. Nxh4 Qxh4 21. Nf5 Qg5 22. Kh1 g6 23. Rf3 Kh7 24. Ne3 Nh5 25. Raf1 Rf4 26. g3 Rxe4 27. c5 Ng7 28. Qc2 Rxe3 29. Rf7 Rxa3 30. cxd6 Qg4 31. dxc7 Rc8 32. d6 1-0

[Event "December 5 Early 2023"]
[Site "https://www.chess.com"]
[Date "2023.12.05"]
[Round "1"]
[White "Filipovic, Slobodan J"]
[Black "KhalilMousavi98"]
[Result "0-1"]
[Board "88"]
[TimeControl "180+1"]
[WhiteFideId "939633"]
[WhiteElo "2442"]
[BlackElo "2775"]
[WhiteTeam "SRB"]
[WhiteClock "0:00:19"]
[BlackClock "0:00:22"]

1. c4 c5 2. Nc3 Nc6 3. g3 g6 4. Bg2 Bg7 5. d3 e5 6. h4 h6 7. h5 g5 8. f4 gxf4 9. gxf4 d6 10. Nf3 Bg4 11. Qb3 Rb8 12. Rg1 Bxh5 13. fxe5 Nxe5 14. Bf4 Ne7 15. Nxe5 dxe5 16. Bxb7 Ng6 17. Qb5+ Kf8 18. Qxc5+ Kg8 19. Bxe5 Rxb7 20. Bxg7 Qh4+ 21. Kd2 Kxg7 22. Kc2 Rhb8 23. b3 Bxe2 24. Nxe2 Qh2 25. Rae1 Re8 26. Kd2 Rbe7 27. Qd4+ Kh7 28. Qg4 Rxe2+ 29. Rxe2 Rxe2+ 30. Qxe2 Qxg1 31. Kc2 Qg5 32. Qe4 h5 33. b4 h4 34. c5 h3 35. c6 Qg2+ 36. Kc3 Qxe4 37. dxe4 h2 38. c7 Ne7 39. c8=Q Nxc8 40. e5 h1=Q 41. e6 Qc1+ 42. Kd4 fxe6 43. b5 Kg6 44. a4 Kf5 45. a5 e5+ 46. Kd5 Qc7 47. b6 Ne7# 0-1

[Event "December 5 Early 2023"]
[Site "https://www.chess.com"]
[Date "2023.12.05"]
[Round "1"]
[White "Starozhilov, Leonid"]
[Black "Mickiewicz, Piotr"]
[Result "1-0"]
[Board "89"]
[TimeControl "180+1"]
[WhiteFideId "14106752"]
[BlackFideId "1114891"]
[WhiteElo "2764"]
[BlackElo "2441"]
[WhiteTeam "UKR"]
[BlackTeam "POL"]
[WhiteClock "0:00:05"]
[BlackClock "0:00:01"]

1. e4 c5 2. Nf3 Nc6 3. d4 cxd4 4. Nxd4 g6 5. c4 Nf6 6. Nc3 d6 7. Be2 Nxd4 8. Qxd4 Bg7 9. Be3 O-O 10. Qd2 Be6 11. O-O a5 12. f3 a4 13. Rac1 Qa5 14. Rfd1 Rfc8 15. Nb5 Qxd2 16. Rxd2 d5 17. exd5 Nxd5 18. Bd4 Bh6 19. Rdc2 Bxc1 20. Rxc1 Nf4 21. Bf1 f6 22. g3 Bd7 23. Na7 Ne6 24. Nxc8 Nxd4 25. Nxe7+ Kf7 26. Nd5 Nxf3+ 27. Kg2 Ne5 28. Kf2 Bc6 29. Ne3 Rd8 30. Be2 Rd2 31. Rc2 Nd3+ 32. Kf1 Rxc2 33. Nxc2 Nxb2 34. Ke1 Be4 35. Kd2 a3 36. Nxa3 Na4 37. Nb5 Ke7 38. Nc3 Nxc3 39. Kxc3 Bc6 40. c5 Ke6 41. Kd4 g5 42. g4 f5 43. gxf5+ Kf6 44. Bg4 h6 45. a3 Bg2 46. Kc4 Bc6 47. Kd4 Bg2 48. a4 Bc6 49. a5 Bh1 50. Ke3 h5 51. Bxh5 Kxf5 52. Bf3 Bxf3 53. Kxf3 g4+ 54. Kg3 Ke5 55. c6 bxc6 56. a6 1-0

[Event "December 5 Early 2023"]
[Site "https://www.chess.com"]
[Date "2023.12.05"]
[Round "1"]
[White "Burmakin, Evgeniy"]
[Black "Korchmar, Vasiliy"]
[Result "0-1"]
[Board "90"]
[TimeControl "180+1"]
[WhiteFideId "4163729"]
[BlackFideId "24131750"]
[WhiteElo "2440"]
[BlackElo "2762"]
[WhiteTeam "RUS"]
[BlackTeam "RUS"]
[WhiteClock "0:00:00"]
[BlackClock "0:01:18"]

1. e4 c5 2. Nc3 d6 3. Nf3 Nc6 4. d4 cxd4 5. Nxd4 Nf6 6. Be3 e5 7. Nb3 Be7 8. f3 O-O 9. Qd2 Be6 10. O-O-O a5 11. Bb5 Nb4 12. a3 Qc7 13. Kb1 d5 14. exd5 Nbxd5 15. Nxd5 Nxd5 16. c4 Nxe3 17. Qxe3 a4 18. Nd2 Bc5 19. Qc3 Rfd8 20. Ne4 Bd4 21. Qc2 h6 22. Rhe1 Rac8 23. Qxa4 Qb6 24. Qb4 f5 25. Nc3 Kh7 26. Na4 Qc7 27. Rc1 Qf7 28. c5 Qg6 29. Ka1 Qxg2 30. Nb6 Rc7 31. Re2 Qxf3 32. Rce1 e4 33. Rc1 Bf6 0-1

[Event "December 5 Early 2023"]
[Site "https://www.chess.com"]
[Date "2023.12.05"]
[Round "1"]
[White "Wagner, Dennis"]
[Black "Begunov, Konstantin"]
[Result "1-0"]
[Board "91"]
[TimeControl "180+1"]
[WhiteFideId "24650684"]
[BlackFideId "4118510"]
[WhiteElo "2760"]
[BlackElo "2439"]
[WhiteTeam "GER"]
[BlackTeam "RUS"]
[WhiteClock "0:00:11"]
[BlackClock "0:00:00"]

1. Nf3 d5 2. e3 c6 3. c4 Nf6 4. Nc3 a6 5. b3 Bg4 6. h3 Bh5 7. Bb2 Nbd7 8. cxd5 Nxd5 9. Be2 Nxc3 10. Bxc3 Nf6 11. O-O e6 12. Qc2 Ba3 13. b4 a5 14. bxa5 O-O 15. Qb3 Qe7 16. Rab1 Rfb8 17. Nd4 Bxe2 18. Nxe2 Nd5 19. Be5 Bd6 20. Bxd6 Qxd6 21. Rfc1 Rxa5 22. Nd4 Ra3 23. Qb2 Raa8 24. Rc4 g6 25. a4 c5 26. Nb5 Qe7 27. Qe5 b6 28. h4 Nb4 29. h5 f6 30. Qg3 Kg7 31. Nc3 Rd8 32. d4 Nd5 33. dxc5 bxc5 34. Ne4 Nb4 35. Nxc5 Nd5 36. Rb7 Nc7 37. Rxc7 1-0